 Dungeon Crawl Stone Soup version 0.23-a0-644-gb60d84b635 (webtiles) character file.

32 HereIgoKillingAgain the Insei (level 3, 0/26 HPs)
             Began as a Demonspawn Transmuter on Jan 1, 2019.
             Slain by a gnoll
             ... wielding a +0 spear
              (4 damage)
             ... on level 2 of the Dungeon.
             The game lasted 00:01:08 (1271 turns).

HereIgoKillingAgain the Insei (DsTm)                Turns: 1271, Time: 00:01:09

Health: 0/26       AC:  3    Str: 10    XL:     3   Next: 8%
Magic:  0/6        EV: 12    Int: 15    God:
Gold:   53         SH:  0    Dex: 13    Spells: 0/6 levels left

rFire    . . .     SeeInvis .   e - +0 dagger (freeze)
rCold    . . .     Gourm    .   (no shield)
rNeg     . . .     Faith    .   b - +0 robe
rPois    .         Spirit   .   (no helmet)
rElec    .         Reflect  .   (no cloak)
rCorr    .         Harm     .   (no gloves)
MR       .....                  (no boots)
Stlth    +.........             (no amulet)
HPRegen  0.08/turn              (no ring)
MPRegen  0.10/turn              (no ring)

@: no status effects
A: rugged brown scales 1, rot immunity
a: no special abilities


You were on level 2 of the Dungeon.
You were very hungry.

You visited 1 branch of the dungeon, and saw 2 of its levels.

You collected 53 gold pieces.

Inventory:

Hand Weapons
 e - a +0 dagger of freezing (weapon)
Missiles
 a - 9 arrows
Armour
 b - a +0 robe (worn)
Scrolls
 c - 2 scrolls of magic mapping {unknown}
 f - a scroll of teleportation {unknown}
 g - a scroll of enchant armour {unknown}
 i - a scroll of enchant weapon {unknown}
Potions
 h - a potion of might {unknown}
Comestibles
 d - 3 rations


   Skills:
 - Level 1.0 Fighting
 - Level 1.7 Dodging
 - Level 3.0 Unarmed Combat
 - Level 2.0 Spellcasting
 + Level 3.0 Transmutations


You couldn't memorise any spells.
You knew the following spells:

 Your Spells              Type           Power        Failure   Level  Hunger
a - Beastly Appendage     Tmut           ##....       6%          1    #......
b - Sticks to Snakes      Tmut           ##......     10%         2    ###....
c - Spider Form           Tmut/Pois      #.........   34%         3    ###....

Your spell library contained the following spells:

 Spells                   Type           Power        Failure   Level  Hunger
 Ice Form                 Ice/Tmut       #.......     75%         4    #####..
 Blade Hands              Tmut           ##........   87%         5    ######.


Dungeon Overview and Level Annotations

Branches:
Dungeon (2/15)

Altars:


Innate Abilities, Weirdness & Mutations

You are partially covered in rugged brown scales. (AC +1, +3% HP)
You are immune to rotting.


Message History

* * * LOW HITPOINT WARNING * * *
You swap places.
The bat misses your ball python.
Your ball python bites the bat but does no damage.
Your ball python grabs the bat.
Your ball python constricts the bat.
The bat closely misses your ball python.
The gnoll misses your ball python. The bat barely misses your ball python.
The bat struggles to escape constriction.
The bat hits you but does no damage.
Your ball python barely misses the bat.
Your ball python constricts the bat.
The dart slug closely misses your ball python.
The bat struggles to escape constriction.
The gnoll hits your ball python. The bat barely misses you.
You hit the bat. You freeze the bat.
The bat is severely wounded.
The bat barely misses your ball python.
The bat escapes!
The bat hits you but does no damage.
Your ball python bites the gnoll.
Your ball python grabs the gnoll.
Your ball python constricts the gnoll.
The gnoll hits you from afar with a +0 spear.
You die...

..#..#.... ##
......... ..
......... .
.)........#
....(...#. ###
......... ).#
.....bKg#####.#
......gSb@..#.##
#....gw.###.#..#
##...#### #....#
.... ########(.#
... .......#..# ..
##.........########
.
#.................#
#.................#
#..<..............#


You could see 3 gnolls, a dart slug, 2 bats, a kobold and a friendly ball
python.

Vanquished Creatures
  A dart slug (D:1)
  2 leopard geckos (D:1)
  A giant cockroach (D:1)
  4 goblins (D:1)
  A hobgoblin (D:1)
  4 bats (D:1)
  6 frilled lizards (D:1)
  5 kobolds (D:1)
  3 rats (D:1)
27 creatures vanquished.

Notes
Turn   | Place    | Note
-------+----------+-------------------------------------------
     0 | D:1      | HereIgoKillingAgain the Demonspawn Transmuter began the
                  | quest for the Orb.
     0 | D:1      | Reached XP level 1. HP: 15/15 MP: 3/3
   495 | D:1      | Gained mutation: You are immune to rotting. [demonic
                  | ancestry]
   495 | D:1      | Reached XP level 2. HP: 21/21 MP: 5/5
   719 | D:1      | Gained mutation: You are partially covered in rugged brown
                  | scales. (AC +1, +3% HP) [demonic ancestry]
   719 | D:1      | Reached XP level 3. HP: 11/26 MP: 6/6
   723 | D:1      | Learned a level 2 spell: Sticks to Snakes
   727 | D:1      | Learned a level 3 spell: Spider Form
  1271 | D:2      | Slain by a gnoll

Vault maps used:
D:1:      dpeg_arrival_triangle_fractal, minivault_4
D:2:      eat_drink_and_be_merry_uskayaw, uniq_crazy_yiuf_cottage, uniq_terence,
          uniq_natasha

Skill      XL: |  1  2 |
---------------+-------+-----
Transmutations | 2 3 |  3.0
Unarmed Combat | 3 |  3.0
Fighting       | |  1.0
Dodging        | |  1.7
Spellcasting   | |  2.0

Action                   || total
-------------------------++-------
Melee: Unarmed           ||    22
       Dagger            ||    63
       Kick              ||     1
 Cast: Beastly Appendage ||     2
       Sticks to Snakes  ||     3
 Stab: Sleeping          ||     3
Armor: Robe              ||    12
Dodge: Dodged            ||    58

Table legend:
 A = Non-vault XP
 B = Vault XP
 C = Vault XP percentage of total XP
 D = Non-vault monster count
 E = Vault monster count
 F = Vault count percentage of total count
                 A         B        C        D         E       F
            +---------+---------+-------+---------+---------+-------
      Total |      46 |       0 |   0.0 |      27 |       0 |   0.0
            +---------+---------+-------+---------+---------+-------
        D:1 |      46 |       0 |   0.0 |      27 |       0 |   0.0
            +---------+---------+-------+---------+---------+-------
